 Dungeon Crawl Stone Soup version 0.31-a0-198-g2ad674f65e (webtiles) character file.

Game seed: 2200181862232927489

91 qw the Shooter (level 4, -2/25 HPs)
             Began as a Deep Elf Hunter on June 25, 2023.
             Killed from afar by an orc wizard (5 damage)
             ... with a magic dart
             ... on level 3 of the Dungeon.
             The game lasted 00:00:39 (1592 turns).

qw the Shooter (Deep Elf Hunter)                    Turns: 1592, Time: 00:00:40

Health: -2/25      AC:  5    Str: 10    XL:     4   Next: 33%
Magic:  6/6        EV: 12    Int: 14    God:
Gold:   107        SH:  0    Dex: 18    Spells: 3/3 levels left

rFire   . . .        Y - +0 shortbow
rCold   + . .        (shield currently unavailable)
rNeg    . . .        c - +0 leather armour
rPois   .            (no helmet)
rElec   .            (no cloak)
rCorr   .            g - +0 pair of gloves
SInv    .            d - +0 pair of boots
Will    .....        (no amulet)
Stlth   ++           k - ring of protection from cold
HPRegen 0.24/turn    (no ring)
MPRegen 0.10/turn

%: no passive effects
@: no status effects
A: no striking features
a: no special abilities


You were on level 3 of the Dungeon.
You visited 1 branch of the dungeon, and saw 3 of its levels.

You collected 107 gold pieces.


   Skills:
 - Level 1.5 Fighting
 + Level 7.7 Ranged Weapons
 - Level 2.4 Dodging
 - Level 1.2 Stealth


You had 3 spell levels left.
You didn't know any spells.
Your spell library was empty.

Inventory:

Hand Weapons
 Y - a +0 shortbow (weapon)
Armour
 c - a +0 leather armour (worn)
 d - a +0 pair of boots (worn)
 g - a +0 pair of gloves (worn)
Jewellery
 k - a ring of protection from cold (left hand)
Potions
 a - 2 potions of haste
 f - a potion of attraction {unknown}
 i - a potion of curing

Dungeon Overview and Level Annotations

Branches:
Dungeon (3/15)

Altars:


Message History

The orc hits you with a +0 war axe.
You shoot an arrow. The arrow closely misses the orc.
You shoot an arrow. The arrow closely misses the orc.
An orc comes into view. It is wielding a +0 club.
The orc barely misses you.
You shoot an arrow. The arrow hits the orc.
You kill the orc!
A hobgoblin comes into view.
You shoot an arrow. The arrow hits the orc.
The orc is heavily wounded.
The orc hits you with a +0 hand axe.
An orc priest comes into view. It is wielding a +0 dagger.
Something hits you but does no damage.
You shoot an arrow. The arrow hits the orc!
You kill the orc!
You shoot an arrow.
The arrow hits the orc but does no damage.
Something barely misses you. The orc hits you but does no damage.
Something hits you. The orc hits you but does no damage.
The orc priest begins to cast a cantrip, but forgets the words!
You shoot an arrow.
The arrow hits the orc but does no damage.
Something hits you. The hobgoblin misses you. The orc closely misses you.
You shoot an arrow. The arrow hits the orc!
You kill the orc!
Something hits you.
The hobgoblin hits you but does no damage.
You shoot an arrow. The arrow hits the orc priest.
The orc priest is moderately wounded.
Something hits you.
The orc priest invokes the aid of Beogh against you.
Pain shoots through your body!
The hobgoblin hits you but does no damage.
You shoot an arrow.
The arrow hits the orc priest but does no damage.
The orc priest is lightly wounded.
You hear some strange, mumbled words.
A magic dart appears from out of thin air!
The magic dart hits you.
You die...

### ##.######
##.......##
.##.####......>..#
......o{#...#... .
#.###@##..#.#..#
#....g.........#
#####.##..####.#
#.##..# # #
###.#...####.# .
..............# ### #
...#.......######.###
............####...##
............+......<#


You could see an orc priest and a hobgoblin.

Vanquished Creatures
  A gnoll (D:2)
  3 adders (D:2)
  2 dart slugs
  3 orcs (D:3)
  3 ball pythons
  2 endoplasms
  3 hobgoblins
  3 jackals (D:2)
  2 quokkas (D:2)
  5 bats
  7 frilled lizards
  5 goblins
  4 kobolds
  5 rats (D:2)
48 creatures vanquished.

Notes
Turn   | Place    | Note
-------+----------+-------------------------------------------
     0 | D:1      | qw the Deep Elf Hunter began the quest for the Orb.
     0 | D:1      | Reached XP level 1. HP: 12/12 MP: 3/3
     0 | D:1      | 0 ||| qw: Version: 0.3-a-22-g0ed2b0b
     0 | D:1      | 0 ||| qw: Game counter: 5345
     0 | D:1      | 0 ||| qw: Melee chars always use a shield: true
     0 | D:1      | 0 ||| qw: God list: Okawaru
     0 | D:1      | 0 ||| qw: Allow faded altars: false
     0 | D:1      | 0 ||| qw: Do Orc after clearing Dungeon:15 true
     0 | D:1      | 0 ||| qw: Do second Lair branch before Depths: true
     0 | D:1      | 0 ||| qw: Lair rune preference: random
     0 | D:1      | 0 ||| qw: Goals: Normal
     0 | D:1      | 0 ||| PLANNING D:1-11
    79 | D:1      | Reached skill level 6 in Ranged Weapons
    79 | D:1      | Reached XP level 2. HP: 16/16 MP: 4/4
   270 | D:1      | 270 ||| FLEEEEING.
   271 | D:1      | 271 ||| FLEEEEING.
   274 | D:1      | 274 ||| FLEEEEING.
   275 | D:1      | 275 ||| FLEEEEING.
   277 | D:1      | 277 ||| FLEEEEING.
   278 | D:1      | 278 ||| FLEEEEING.
   280 | D:1      | 280 ||| FLEEEEING.
   281 | D:1      | 281 ||| FLEEEEING.
   283 | D:1      | 283 ||| FLEEEEING.
   284 | D:1      | 284 ||| FLEEEEING.
   286 | D:1      | 286 ||| FLEEEEING.
   287 | D:1      | 287 ||| FLEEEEING.
   289 | D:1      | 289 ||| FLEEEEING.
   290 | D:1      | 290 ||| FLEEEEING.
   292 | D:1      | 292 ||| FLEEEEING.
   293 | D:1      | 293 ||| FLEEEEING.
   295 | D:1      | 295 ||| FLEEEEING.
   296 | D:1      | 296 ||| FLEEEEING.
   297 | D:1      | 297 ||| FLEEEEING.
   298 | D:1      | 298 ||| FLEEEEING.
   299 | D:1      | 299 ||| FLEEEEING.
   300 | D:1      | 300 ||| FLEEEEING.
   301 | D:1      | 301 ||| FLEEEEING.
   302 | D:1      | 302 ||| FLEEEEING.
   303 | D:1      | 303 ||| FLEEEEING.
   747 | D:1      | 747 ||| UPGRADING to +0 pair of boots.
   752 | D:1      | 752 ||| UPGRADING to +0 pair of gloves.
   757 | D:1      | 757 ||| READING scroll labelled RUEFODDUSOG.
   758 | D:1      | 758 ||| READING 2 scrolls labelled XUNA GANEMOM.
   759 | D:1      | 759 ||| DROPPING scroll of butterflies.
   760 | D:1      | 760 ||| DROPPING scroll of amnesia.
   842 | D:2      | Reached XP level 3. HP: 7/20 MP: 5/5
   942 | D:2      | Reached skill level 7 in Ranged Weapons
   947 | D:2      | HP: 5/20 [poisoned by an adder]
  1217 | D:2      | Reached XP level 4. HP: 25/25 MP: 6/6
  1485 | D:2      | 1485 ||| UPGRADING to ring of protection from cold.
  1486 | D:2      | 1486 ||| READING scroll labelled XIPNUONGOE.
  1487 | D:2      | 1487 ||| READING scroll labelled FEMPUISOWIO.
  1488 | D:2      | 1488 ||| READING scroll labelled EREDOS GEWULAVAQI.
  1491 | D:2      | 1491 ||| READING scroll labelled SOUNICE HAUSAL.
  1492 | D:2      | 1492 ||| DRINKING 3 yellow potions.
  1493 | D:2      | 1493 ||| DRINKING 2 red potions.
  1591 | D:3      | HP: 2/25 [orc priest/nerve-wracking pain (12)]
  1592 | D:3      | Killed from afar by an orc wizard

Levels and vault maps discovered:
D:1:      doesnt_arrival_eight_statues, layout_loops_ring,
          grunt_decor_resistance, minmay_misc_feat_roman
D:2:      layout_loops_ring, chequers_serial_rivers_large_b, minmay_pentomino_w4
D:3:      layout_loops_corners, mainiacjoe_overflow_catwalk_spiral

Skill      XL: |  1  2  3 |
---------------+----------+-----
Ranged Weapons | 6 7 |  7.7
Fighting       | |  1.5
Dodging        | |  2.4
Stealth        | |  1.2

Action                     |  1- 3 |  4- 6 || total
---------------------------+-------+-------++-------
   Fire: Shortbow          |   110 |    30 ||   140
    Use: Scroll            |     2 |     4 ||     6
         Potion            |       |     2 ||     2
 Armour: Leather armour    |     7 |     6 ||    13
  Dodge: Dodged            |    22 |     4 ||    26

Table legend:
 A = Non-vault XP
 B = Vault XP
 C = Vault XP percentage of total XP
 D = Non-vault monster count
 E = Vault monster count
 F = Vault count percentage of total count
                 A         B        C        D         E       F
            +---------+---------+-------+---------+---------+-------
      Total |     106 |      24 |  18.5 |      41 |       7 |  14.6
            +---------+---------+-------+---------+---------+-------
        D:1 |      26 |       0 |   0.0 |      15 |       0 |   0.0
        D:2 |      68 |      24 |  26.1 |      21 |       7 |  25.0
        D:3 |      12 |       0 |   0.0 |       5 |       0 |   0.0
            +---------+---------+-------+---------+---------+-------
